[Event "POL-chT DMP Ekstraliga 2019"]
[Site "Katowice"]
[Date "2019.08.31"]
[Round "4.28"]
[White "Warakomski, Tomasz"]
[Black "Simacek, Pavel"]
[Result "1-0"]
[ECO "C50"]
[WhiteElo "2497"]
[BlackElo "2479"]
[Annotator "ChessBase"]
[PlyCount "65"]
[EventDate "2019.08.28"]
[EventType "team-tourn"]
[EventCountry "POL"]
[SourceTitle "playchess.com"]
[Source "ChessBase"]
[SourceQuality "1"]
[TimeControl "40/5400+30:1800+30"]

1. e4 e5 2. Nf3 Nc6 3. Bc4 Nf6 4. d3 Bc5 5. c3 d6 6. O-O a6 7. h3 Ba7 8. a4 h6 9. b4 g5 10. Be3 g4 11. hxg4 Nxg4 12. Bxa7 Rxa7 13. d4 Qf6 14. b5 Ne7 15. b6 cxb6 16. Qb3 Ng6 17. Qxb6 Nh4 18. Nbd2 Nxg2 19. Kxg2 Ra8 20. Rg1 h5 21. Kf1 Qf4 22. Qxd6 Rh6 23. Qd5 Be6 24. Qxb7 Bxc4+ 25. Nxc4 Qxf3 26. Qxa8+ Ke7 27. Qb7+ Kf8 28. Qb8+ Ke7 29. Qc7+ Kf8 30. Rg2 Rf6 31. Kg1 Qxc3 32. Rf1 Kg7 33. Qxe5 1-0

[Event "POL-chT DMP Ekstraliga 2019"]
[Site "Katowice"]
[Date "2019.08.31"]
[Round "4.29"]
[White "Bobras, Piotr"]
[Black "Kantans, Toms"]
[Result "1-0"]
[ECO "B94"]
[WhiteElo "2488"]
[BlackElo "2490"]
[Annotator "ChessBase"]
[PlyCount "59"]
[EventDate "2019.08.28"]
[EventType "team-tourn"]
[EventCountry "POL"]
[SourceTitle "playchess.com"]
[Source "ChessBase"]
[SourceQuality "1"]
[TimeControl "40/5400+30:1800+30"]

1. e4 c5 2. Nf3 d6 3. d4 cxd4 4. Nxd4 Nf6 5. Nc3 a6 6. Bg5 Nbd7 7. Bc4 Qb6 8. Bb3 e6 9. O-O Be7 10. Kh1 Nc5 11. Qe2 O-O 12. f4 h6 13. Bh4 Re8 14. e5 Nd5 15. Nxd5 exd5 16. Bxe7 Nxb3 17. axb3 Rxe7 18. Qf2 Re8 19. c3 Bd7 20. Qf3 Rad8 21. Rae1 a5 22. h3 Re7 23. Re3 Qc5 24. Qh5 Qc7 25. f5 Rxe5 26. Rg3 f6 27. Rxg7+ Kxg7 28. Qg6+ Kf8 29. Qxf6+ Kg8 30. Qg6+ 1-0

[Event "POL-chT DMP Ekstraliga 2019"]
[Site "Katowice"]
[Date "2019.08.31"]
[Round "4.30"]
[White "Warakomska, Anna"]
[Black "Kiolbasa, Oliwia"]
[Result "1/2-1/2"]
[ECO "C54"]
[WhiteElo "2241"]
[BlackElo "2244"]
[Annotator "NA"]
[PlyCount "81"]
[EventDate "2019.08.28"]
[EventType "team-tourn"]
[EventCountry "POL"]
[SourceTitle "playchess.com"]
[Source "ChessBase"]
[SourceQuality "1"]
[TimeControl "40/5400+30:1800+30"]

1. e4 e5 2. Nf3 Nc6 3. Bc4 Bc5 4. c3 Nf6 5. d4 exd4 6. e5 d5 7. Bb5 Ne4 8. cxd4 Bb6 9. Nc3 O-O 10. Be3 Nxc3 11. bxc3 f6 12. O-O fxe5 13. Bxc6 bxc6 14. Nxe5 Qd6 15. a4 a5 16. Bc1 Qf6 17. Ba3 Re8 18. Re1 Bf5 19. Qf3 Bc2 20. Qg4 Bf5 21. Qg3 Be4 22. Re3 Re6 23. Rae1 Qf5 24. Ng4 h5 25. f3 hxg4 26. fxe4 Rxe4 27. Rxe4 dxe4 28. Rf1 Qe6 29. Qe3 Re8 30. Bc1 Rf8 31. Rxf8+ Kxf8 32. Qf4+ Kg8 33. Be3 Qc4 34. Qxe4 Qxc3 35. Kf2 Qc4 36. Qe8+ Kh7 37. Qh5+ Kg8 38. Qe8+ Kh7 39. Qh5+ Kg8 40. Qxg4 Qxa4 41. Qc8+ 1/2-1/2

[Event "POL-chT DMP Ekstraliga 2019"]
[Site "Katowice"]
[Date "2019.09.01"]
[Round "5.5"]
[White "Kantans, Toms"]
[Black "Plat, Vojtech"]
[Result "1/2-1/2"]
[ECO "B31"]
[WhiteElo "2490"]
[BlackElo "2561"]
[Annotator "ChessBase"]
[PlyCount "90"]
[EventDate "2019.08.28"]
[EventType "team-tourn"]
[EventCountry "POL"]
[SourceTitle "playchess.com"]
[Source "ChessBase"]
[SourceQuality "1"]
[TimeControl "40/5400+30:1800+30"]

1. e4 c5 2. Nf3 Nc6 3. Bb5 g6 4. c3 Bg7 5. d4 cxd4 6. cxd4 Nf6 7. Nc3 Qa5 8. Qe2 a6 9. Bxc6 dxc6 10. h3 c5 11. O-O cxd4 12. Nxd4 O-O 13. Be3 Bd7 14. Rac1 Bb5 15. Ndxb5 axb5 16. e5 Nd7 17. e6 fxe6 18. Rfd1 Nf6 19. Bc5 b4 20. Nb5 Rf7 21. Nd4 Qa6 22. Qxe6 Qxe6 23. Nxe6 Ne4 24. Bxb4 Bxb2 25. Rc2 Rf6 26. Nc7 Rxa2 27. Nd5 Rfa6 28. Re2 Nf6 29. Nxe7+ Kg7 30. Nc8 Ra1 31. Rxa1 Rxa1+ 32. Kh2 Rb1 33. Re7+ Kg8 34. Rxb7 Nd5 35. Ne7+ Nxe7 36. Rxe7 Bd4 37. Be1 Rb2 38. f4 Bc5 39. Re4 Kf7 40. Bc3 Rb1 41. g4 Bd6 42. Kg2 Rb3 43. Rc4 Ke6 44. Bg7 Rb4 45. Rxb4 Bxb4 1/2-1/2

[Event "POL-chT DMP Ekstraliga 2019"]
[Site "Katowice"]
[Date "2019.09.01"]
[Round "5.8"]
[White "Shevchenko, Kirill"]
[Black "Leniart, Arkadiusz"]
[Result "1/2-1/2"]
[ECO "C76"]
[WhiteElo "2556"]
[BlackElo "2488"]
[Annotator "ChessBase"]
[PlyCount "121"]
[EventDate "2019.08.28"]
[EventType "team-tourn"]
[EventCountry "POL"]
[SourceTitle "playchess.com"]
[Source "ChessBase"]
[SourceQuality "1"]
[TimeControl "40/5400+30:1800+30"]

1. e4 e5 2. Nf3 Nc6 3. Bb5 g6 4. c3 a6 5. Ba4 d6 6. d4 Bd7 7. Bg5 Be7 8. Bxe7 Qxe7 9. O-O Nf6 10. Nbd2 O-O 11. Re1 b5 12. Bc2 Nh5 13. Qe2 Qf6 14. dxe5 Nxe5 15. Nxe5 Qxe5 16. Nf3 Qe7 17. e5 Bc6 18. Be4 d5 19. Bc2 Bb7 20. Qe3 f6 21. b4 f5 22. Qc5 Qxc5 23. bxc5 c6 24. Nd4 Kf7 25. a4 Ng7 26. f4 Ne6 27. Nxe6 Kxe6 28. Bd3 Rfb8 29. a5 Bc8 30. Rab1 Ke7 31. Kf2 Be6 32. Re3 h6 33. h4 h5 34. Rg3 Kf7 35. Ke3 Rd8 36. Kd4 Rab8 37. Rg5 Rh8 38. Be2 Rbd8 39. Rh1 Rh6 40. Bd3 Rdh8 41. Rg3 Rb8 42. Rb1 Rhh8 43. Rg5 Rh6 44. Bc2 Rd8 45. Rg3 Rhh8 46. Bd1 Rb8 47. Rd3 Rhd8 48. Bf3 Ke7 49. Rb4 Kd7 50. Re3 Ke7 51. Re1 Rbc8 52. Rd1 Rd7 53. Ke3 Rdd8 54. Rdd4 Rd7 55. Kd2 Rdd8 56. Kc2 Rd7 57. Rb1 Rdd8 58. Rbd1 Rb8 59. g3 Rdc8 60. Rb1 Rd8 61. Rb2 1/2-1/2

[Event "POL-chT DMP Ekstraliga 2019"]
[Site "Katowice"]
[Date "2019.09.01"]
[Round "5.9"]
[White "Druska, Juraj"]
[Black "Kriebel, Tadeas"]
[Result "1/2-1/2"]
[ECO "B33"]
[WhiteElo "2460"]
[BlackElo "2531"]
[Annotator "ChessBase"]
[PlyCount "52"]
[EventDate "2019.08.28"]
[EventType "team-tourn"]
[EventCountry "POL"]
[SourceTitle "playchess.com"]
[Source "ChessBase"]
[SourceQuality "1"]
[TimeControl "40/5400+30:1800+30"]

1. e4 c5 2. Nf3 Nc6 3. d4 cxd4 4. Nxd4 Nf6 5. Nc3 e6 6. Ndb5 Bc5 7. Nd6+ Ke7 8. Nxc8+ Rxc8 9. Bd3 a6 10. O-O Ne5 11. Qe2 Qc7 12. Kh1 Nxd3 13. cxd3 Qe5 14. f4 Qh5 15. Rf3 Bd4 16. Bd2 d6 17. Raf1 Rhe8 18. Qe1 Qc5 19. e5 dxe5 20. Ne4 Qd5 21. fxe5 Bxe5 22. Bg5 Rc2 23. Qh4 Kd7 24. Bxf6 gxf6 25. Nxf6+ Bxf6 26. Qxf6 Re7 1/2-1/2

[Event "POL-chT DMP Ekstraliga 2019"]
[Site "Katowice"]
[Date "2019.09.01"]
[Round "5.10"]
[White "Simacek, Pavel"]
[Black "Kaczmarek, Aleksander"]
[Result "1-0"]
[ECO "A04"]
[WhiteElo "2479"]
[BlackElo "2389"]
[Annotator "ChessBase"]
[PlyCount "99"]
[EventDate "2019.08.28"]
[EventType "team-tourn"]
[EventCountry "POL"]
[SourceTitle "playchess.com"]
[Source "ChessBase"]
[SourceQuality "1"]
[TimeControl "40/5400+30:1800+30"]

1. Nf3 g6 2. d4 Bg7 3. e4 c6 4. Nc3 d5 5. h3 dxe4 6. Nxe4 Nd7 7. Bc4 Ngf6 8. Nxf6+ Nxf6 9. O-O O-O 10. Re1 Nd5 11. Bg5 Be6 12. Qd2 Nc7 13. Bf1 Re8 14. Bh6 Bh8 15. Rad1 Bd5 16. Ne5 f6 17. Ng4 Qd7 18. Bf4 Bg7 19. Bg3 h5 20. Ne3 Bf7 21. c4 e6 22. Bd3 b6 23. Qc2 Kh7 24. Nf1 Rad8 25. Nh2 Na6 26. Qe2 Kg8 27. Nf3 Re7 28. a3 Qe8 29. b4 Bf8 30. Be4 Nc7 31. Qc2 Bg7 32. Qa4 b5 33. Qa5 Rc8 34. Bd6 Bf8 35. Bxe7 Bxe7 36. Rc1 f5 37. Bd3 Bd6 38. cxb5 cxb5 39. Ne5 a6 40. Qb6 Qe7 41. Rc6 Rd8 42. Rec1 Bxe5 43. dxe5 Ne8 44. Be2 g5 45. Rc8 Rd5 46. R1c7 Qf8 47. Bxh5 Bxh5 48. Qxe6+ Bf7 49. Rxf7 Qxf7 50. Rxe8+ 1-0

[Event "POL-chT DMP Ekstraliga 2019"]
[Site "Katowice"]
[Date "2019.09.01"]
[Round "5.12"]
[White "Kiolbasa, Oliwia"]
[Black "Osmak, Iulija"]
[Result "0-1"]
[ECO "C16"]
[WhiteElo "2244"]
[BlackElo "2414"]
[Annotator "ChessBase"]
[PlyCount "114"]
[EventDate "2019.08.28"]
[EventType "team-tourn"]
[EventCountry "POL"]
[SourceTitle "playchess.com"]
[Source "ChessBase"]
[SourceQuality "1"]
[TimeControl "40/5400+30:1800+30"]

1. e4 e6 2. d4 d5 3. Nc3 Bb4 4. e5 Ne7 5. a3 Bxc3+ 6. bxc3 c5 7. h4 Qc7 8. Nf3 b6 9. h5 h6 10. Bb5+ Bd7 11. Bd3 Ba4 12. O-O Nd7 13. Re1 O-O-O 14. Rb1 c4 15. Bf1 g6 16. hxg6 fxg6 17. g3 Rdf8 18. Bh3 Nf5 19. Nh2 g5 20. Rb2 Qd8 21. Qh5 Qe7 22. Nf1 Nb8 23. Ne3 Nxe3 24. Bxe3 Na6 25. Rf1 Nc7 26. Bd2 Kb7 27. Bg2 Qxa3 28. Rfb1 Qe7 29. Ra1 Bc6 30. Rb4 Rfg8 31. Qd1 h5 32. Qc1 Nb5 33. Qb1 Qd7 34. Rxc4 dxc4 35. Qxb5 Rc8 36. Bxc6+ Rxc6 37. Bxg5 Rc7 38. Qxd7 Rxd7 39. f4 a5 40. Ra4 Kc6 41. Kf2 Kd5 42. Ra1 Ra7 43. Kf3 b5 44. Ke3 Rha8 45. f5 exf5 46. Kf4 b4 47. Rb1 Rb7 48. Kxf5 b3 49. cxb3 cxb3 50. e6 b2 51. Bf6 a4 52. c4+ Kxc4 53. d5 Kxd5 54. Bxb2 Rf8+ 55. Kg6 Kxe6 56. Kxh5 Rf5+ 57. Kh6 Re5 0-1

[Event "POL-chT DMP Ekstraliga 2019"]
[Site "Katowice"]
[Date "2019.09.01"]
[Round "5.15"]
[White "Skawinski, Arkadiusz"]
[Black "Markowski, Tomasz"]
[Result "0-1"]
[ECO "B40"]
[WhiteElo "2398"]
[BlackElo "2537"]
[Annotator "ChessBase"]
[PlyCount "116"]
[EventDate "2019.08.28"]
[EventType "team-tourn"]
[EventCountry "POL"]
[SourceTitle "playchess.com"]
[Source "ChessBase"]
[SourceQuality "1"]
[TimeControl "40/5400+30:1800+30"]

1. e4 c5 2. Nf3 e6 3. c3 Nf6 4. e5 Nd5 5. d4 cxd4 6. cxd4 d6 7. Bc4 Be7 8. O-O O-O 9. Qe2 Nc6 10. Re1 Nb6 11. Bb3 d5 12. Nc3 Bd7 13. a3 f6 14. exf6 Bxf6 15. Qd3 Be8 16. Rxe6 Bg6 17. Qd2 Qd7 18. Re1 Nc4 19. Bxc4 dxc4 20. Ne5 Bxe5 21. dxe5 Qxd2 22. Bxd2 Nd4 23. Rad1 Nc2 24. Re4 Bxe4 25. Nxe4 a5 26. Rc1 Nd4 27. Rxc4 Nb3 28. Bg5 h6 29. Be3 Rac8 30. Rxc8 Rxc8 31. Nd6 Rc2 32. e6 Kf8 33. Nf5 Rxb2 34. g4 Re2 35. Kf1 Rc2 36. g5 g6 37. Nh4 hxg5 38. Bxg5 Rc6 39. Nxg6+ Ke8 40. Nf4 Nd4 41. Nd5 Nxe6 42. Be3 b5 43. Ke1 Kf7 44. Bd2 Nd4 45. Kf1 Rc5 46. Ne3 Nb3 47. Be1 Rc1 48. Ke2 Ke6 49. f4 Nd4+ 50. Kd2 Ra1 51. Kd3 Rxe1 52. Kxd4 Ra1 53. Nc2 Rh1 54. Kc3 Kd5 55. Ne3+ Kc5 56. Ng4 Ra1 57. Kb3 Rb1+ 58. Kc3 a4 {[%emt 0:00:39] Kd4+} 0-1

[Event "POL-chT DMP Ekstraliga 2019"]
[Site "Katowice"]
[Date "2019.09.01"]
[Round "5.16"]
[White "Nasuta, Grzegorz"]
[Black "Luch, Michal"]
[Result "1/2-1/2"]
[ECO "B01"]
[WhiteElo "2533"]
[BlackElo "2393"]
[Annotator "ChessBase"]
[PlyCount "57"]
[EventDate "2019.08.28"]
[EventType "team-tourn"]
[EventCountry "POL"]
[SourceTitle "playchess.com"]
[Source "ChessBase"]
[SourceQuality "1"]
[TimeControl "40/5400+30:1800+30"]

1. e4 d5 2. exd5 Qxd5 3. Nf3 Nf6 4. Be2 e5 5. Nc3 Qa5 6. O-O e4 7. Nd4 Bd6 8. Ndb5 Be7 9. d3 c6 10. Nd4 exd3 11. Bxd3 O-O 12. Qf3 Bg4 13. Qg3 Rd8 14. Nf3 Bd6 15. Bf4 Bxf4 16. Qxf4 Bxf3 17. Qxf3 Na6 18. a3 Nc7 19. Rfe1 Ne6 20. Ne4 Nxe4 21. Qxe4 g6 22. Qe5 Qxe5 23. Rxe5 Nf4 24. Bc4 Rd4 25. Bb3 Rad8 26. Rae1 Kf8 27. g3 Nd5 28. Kg2 Nf6 29. h3 1/2-1/2

[Event "POL-chT DMP Ekstraliga 2019"]
[Site "Katowice"]
[Date "2019.09.01"]
[Round "5.17"]
[White "Bronowicki, Mateusz"]
[Black "Jakubowski, Krzysztof"]
[Result "1/2-1/2"]
[ECO "E16"]
[WhiteElo "2271"]
[BlackElo "2518"]
[Annotator "ChessBase"]
[PlyCount "109"]
[EventDate "2019.08.28"]
[EventType "team-tourn"]
[EventCountry "POL"]
[SourceTitle "playchess.com"]
[Source "ChessBase"]
[SourceQuality "1"]
[TimeControl "40/5400+30:1800+30"]

1. d4 Nf6 2. c4 e6 3. Nf3 Bb4+ 4. Bd2 Qe7 5. g3 Bxd2+ 6. Nbxd2 d6 7. Bg2 e5 8. Qb3 O-O 9. O-O h6 10. e4 c5 11. d5 Nh5 12. Ne1 f5 13. Qd1 Nf6 14. Nd3 g5 15. Qe2 f4 16. a3 Nbd7 17. Bh3 Nb6 18. Bxc8 Raxc8 19. f3 Rf7 20. Qg2 Rg7 21. g4 Kf7 22. Kf2 h5 23. h3 Rh7 24. Ke2 Qd7 25. b3 Rch8 26. Rh1 Nc8 27. Nf2 Ne7 28. Rag1 Ng6 29. Qf1 Qc7 30. Qa1 a5 31. a4 Qd8 32. Qf1 Rh6 33. Qa1 R8h7 34. Qf1 Nh4 35. Qa1 Qh8 36. Qf1 hxg4 37. hxg4 Nd7 38. Rh3 Nb8 39. Rgh1 Na6 40. Nd3 Ke7 41. Nf2 Qd8 42. Nd3 Kf6 43. Qa1 Kg6 44. Qg1 Qh8 45. Qf1 Kg7 46. Nf2 Nb4 47. Kd1 Qd8 48. Nb1 Kf7 49. Kc1 Qh8 50. Nd2 Ke7 51. Kd1 Kd7 52. Kc1 Kc7 53. Kd1 Kd7 54. Kc1 Kc7 55. Kd1 1/2-1/2

[Event "POL-chT DMP Ekstraliga 2019"]
[Site "Katowice"]
[Date "2019.09.01"]
[Round "5.18"]
[White "Buksa, Nataliya"]
[Black "Bartel, Marta"]
[Result "1-0"]
[ECO "B30"]
[WhiteElo "2406"]
[BlackElo "2244"]
[Annotator "NA"]
[PlyCount "101"]
[EventDate "2019.08.28"]
[EventType "team-tourn"]
[EventCountry "POL"]
[SourceTitle "playchess.com"]
[Source "ChessBase"]
[SourceQuality "1"]
[TimeControl "40/5400+30:1800+30"]

1. e4 c5 2. Nf3 Nc6 3. Bb5 e6 4. O-O Nge7 5. d4 cxd4 6. Nxd4 Qb6 7. Nxc6 bxc6 8. Bd3 Ng6 9. c4 Bc5 10. Nc3 Qc7 11. Na4 Be7 12. c5 d5 13. cxd6 Bxd6 14. g3 O-O 15. Be3 Rd8 16. f4 Bb7 17. Rc1 Qa5 18. Qc2 Bf8 19. Nc5 Bxc5 20. Bxc5 Ba6 21. Bxa6 Qxa6 22. b4 h6 23. Rfd1 Qb7 24. a3 Qa6 25. a4 Rac8 26. Kf2 Qb7 27. Rd3 e5 28. f5 Nf8 29. Rcd1 Rxd3 30. Qxd3 Nh7 31. Kf3 Nf6 32. a5 a6 33. Bb6 Re8 34. Qc4 Rc8 35. Qc5 Re8 36. Qc4 Rc8 37. g4 Nd7 38. Be3 Nf6 39. h4 Ne8 40. g5 hxg5 41. hxg5 Qb5 42. Qxb5 cxb5 43. Bc5 g6 44. fxg6 fxg6 45. Rd5 Nc7 46. Rxe5 Re8 47. Rxe8+ Nxe8 48. Kf4 Kf7 49. Ke5 Nc7 50. Kd6 Ne6 51. Be3 1-0

[Event "POL-chT DMP Ekstraliga 2019"]
[Site "Katowice"]
[Date "2019.09.01"]
[Round "5.22"]
[White "Miton, Kamil"]
[Black "Simantsev, Mikhail"]
[Result "1-0"]
[ECO "A17"]
[WhiteElo "2589"]
[BlackElo "2346"]
[Annotator "ChessBase"]
[PlyCount "73"]
[EventDate "2019.08.28"]
[EventType "team-tourn"]
[EventCountry "POL"]
[SourceTitle "playchess.com"]
[Source "ChessBase"]
[SourceQuality "1"]
[TimeControl "40/5400+30:1800+30"]

1. Nf3 Nf6 2. c4 e6 3. Nc3 Bb4 4. Qc2 c5 5. a3 Ba5 6. g3 O-O 7. Bg2 Nc6 8. O-O d6 9. d3 h6 10. e3 e5 11. b3 Bg4 12. h3 Be6 13. Bb2 Qd7 14. Kh2 Rfe8 15. Rad1 Rac8 16. Ne2 Bc7 17. e4 Nh7 18. Nfg1 f5 19. f4 fxe4 20. dxe4 Nd4 21. Nxd4 cxd4 22. Qd3 a6 23. a4 Bb8 24. Rc1 Bf7 25. Nf3 Nf6 26. Nh4 b5 27. cxb5 axb5 28. axb5 Rxc1 29. Bxc1 Rc8 30. Bd2 Rc5 31. fxe5 dxe5 32. Nf5 Qxb5 33. Qf3 Qxb3 34. Qxb3 Bxb3 35. Rb1 Rb5 36. Bf1 Rb7 37. Bc4+ 1-0

[Event "POL-chT DMP Ekstraliga 2019"]
[Site "Katowice"]
[Date "2019.09.01"]
[Round "5.23"]
[White "Szustakowski, Antoni"]
[Black "Bulski, Krzysztof"]
[Result "1-0"]
[ECO "E20"]
[WhiteElo "2256"]
[BlackElo "2537"]
[Annotator "ChessBase"]
[PlyCount "93"]
[EventDate "2019.08.28"]
[EventType "team-tourn"]
[EventCountry "POL"]
[SourceTitle "playchess.com"]
[Source "ChessBase"]
[SourceQuality "1"]
[TimeControl "40/5400+30:1800+30"]

1. d4 Nf6 2. c4 e6 3. Nc3 Bb4 4. f3 d5 5. a3 Bxc3+ 6. bxc3 b6 7. cxd5 exd5 8. e3 Qd7 9. Bd3 Ba6 10. Ne2 Bxd3 11. Qxd3 O-O 12. O-O Nc6 13. e4 Na5 14. Ng3 Nb3 15. Rb1 Nxc1 16. Rbxc1 Kh8 17. c4 dxe4 18. fxe4 Ng4 19. Rf5 Rad8 20. h3 Nh6 21. Rd5 Qe7 22. Rf1 Rd6 23. Rh5 Rf6 24. Re1 Rd8 25. e5 Rf4 26. Re4 Rxe4 27. Nxe4 Qf8 28. Ng5 Qg8 29. d5 Re8 30. e6 fxe6 31. dxe6 Re7 32. Qd4 Nf5 33. Qe5 Nd6 34. Rxh7+ Qxh7 35. Nxh7 Kxh7 36. c5 bxc5 37. Qxc5 Rxe6 38. Qxa7 Re1+ 39. Kh2 Rc1 40. Qe3 Rc4 41. Qb3 Kg6 42. a4 Rc5 43. Qb4 Rc4 44. Qb1+ Kf6 45. Qa1+ Ke6 46. a5 Nb5 47. a6 1-0

[Event "POL-chT DMP Ekstraliga 2019"]
[Site "Katowice"]
[Date "2019.09.01"]
[Round "5.24"]
[White "Socko, Monika"]
[Black "Antolak, Julia"]
[Result "1-0"]
[ECO "D85"]
[WhiteElo "2436"]
[BlackElo "2240"]
[Annotator "ChessBase"]
[PlyCount "59"]
[EventDate "2019.08.28"]
[EventType "team-tourn"]
[EventCountry "POL"]
[SourceTitle "playchess.com"]
[Source "ChessBase"]
[SourceQuality "1"]
[TimeControl "40/5400+30:1800+30"]

1. d4 Nf6 2. c4 g6 3. Nc3 d5 4. cxd5 Nxd5 5. e4 Nxc3 6. bxc3 Bg7 7. Nf3 c5 8. Bb5+ Bd7 9. Be2 O-O 10. O-O Bg4 11. Be3 cxd4 12. cxd4 Nc6 13. d5 Bxf3 14. Bxf3 Ne5 15. Be2 b6 16. Rc1 Nd7 17. f4 Rc8 18. Rc6 Nc5 19. e5 f6 20. Bg4 Rb8 21. Re1 fxe5 22. fxe5 Kh8 23. Bg5 Qe8 24. Rc7 Qf7 25. Bf3 Qf5 26. Bxe7 Bxe5 27. Bxf8 Rxf8 28. Re7 Nd3 29. R1xe5 Nxe5 30. Qa1 1-0

[Event "POL-chT DMP Ekstraliga 2019"]
[Site "Katowice"]
[Date "2019.09.01"]
[Round "5.27"]
[White "Kanarek, Marcel"]
[Black "Mastrovasilis, Dimitrios"]
[Result "1/2-1/2"]
[ECO "A06"]
[WhiteElo "2493"]
[BlackElo "2594"]
[Annotator "ChessBase"]
[PlyCount "61"]
[EventDate "2019.08.28"]
[EventType "team-tourn"]
[EventCountry "POL"]
[SourceTitle "playchess.com"]
[Source "ChessBase"]
[SourceQuality "1"]
[TimeControl "40/5400+30:1800+30"]

1. Nf3 d5 2. g3 c6 3. Bg2 Bf5 4. O-O e6 5. d3 Nf6 6. c4 dxc4 7. dxc4 Qxd1 8. Rxd1 Nbd7 9. Nc3 e5 10. Ng5 h6 11. Nge4 Nxe4 12. Nxe4 Nc5 13. Nd6+ Bxd6 14. Rxd6 Ke7 15. Rd2 Rhd8 16. b3 Ne4 17. Ba3+ Kf6 18. Rd3 Ng5 19. Rdd1 Ne6 20. Bb2 g5 21. Kf1 Bc2 22. Rdc1 Bf5 23. Rd1 Bc2 24. Rdc1 Bf5 25. b4 Rd2 26. Bc3 Rd7 27. b5 cxb5 28. cxb5 Rad8 29. a4 Nd4 30. Bxd4 exd4 31. Rc5 {[%emt 0:01:15] Ke5} 1/2-1/2

[Event "POL-chT DMP Ekstraliga 2019"]
[Site "Katowice"]
[Date "2019.09.01"]
[Round "5.28"]
[White "Tazbir, Marcin"]
[Black "Janik, Igor"]
[Result "1-0"]
[ECO "A11"]
[WhiteElo "2521"]
[BlackElo "2483"]
[Annotator "RC"]
[PlyCount "61"]
[EventDate "2019.08.28"]
[EventType "team-tourn"]
[EventCountry "POL"]
[SourceTitle "playchess.com"]
[Source "ChessBase"]
[SourceQuality "1"]
[TimeControl "40/5400+30:1800+30"]

1. c4 c6 2. Nf3 d5 3. Qc2 Nf6 4. g3 g6 5. Bg2 Bg7 6. O-O O-O 7. d3 Bg4 8. b3 Bxf3 9. Bxf3 e6 10. Bb2 Nbd7 11. Bg2 b5 12. Nd2 Qb6 13. e3 Rab8 14. Rab1 Qa6 15. a3 Rfc8 16. Rfc1 Ne8 17. b4 Nd6 18. Bxg7 Kxg7 19. Qb2+ f6 20. c5 Nf7 21. e4 Nde5 22. Qb3 Rd8 23. Re1 dxe4 24. Nxe4 Rd5 25. f4 Ng4 26. h3 Ngh6 27. Qc3 Rf5 28. Nxf6 Rxf6 29. Rxe6 Ng8 30. Rxc6 Qa4 31. g4 1-0

[Event "POL-chT DMP Ekstraliga 2019"]
[Site "Katowice"]
[Date "2019.09.01"]
[Round "5.29"]
[White "Tomczak, Mikolaj"]
[Black "Sadzikowski, Daniel"]
[Result "1/2-1/2"]
[ECO "E16"]
[WhiteElo "2432"]
[BlackElo "2502"]
[Annotator "ChessBase"]
[PlyCount "90"]
[EventDate "2019.08.28"]
[EventType "team-tourn"]
[EventCountry "POL"]
[SourceTitle "playchess.com"]
[Source "ChessBase"]
[SourceQuality "1"]
[TimeControl "40/5400+30:1800+30"]

1. d4 Nf6 2. c4 e6 3. Nf3 b6 4. g3 Bb7 5. Bg2 Bb4+ 6. Bd2 Be7 7. Nc3 c6 8. e4 d5 9. exd5 cxd5 10. Ne5 O-O 11. O-O Nc6 12. cxd5 Nxe5 13. dxe5 Nxd5 14. Nxd5 Bxd5 15. Bc3 Qc7 16. Bxd5 Rad8 17. Qb3 Rxd5 18. Rad1 Rfd8 19. Rxd5 Rxd5 20. Rd1 Rxd1+ 21. Qxd1 Qc6 22. h4 g6 23. h5 Kf8 24. hxg6 fxg6 25. Qd2 a5 26. Bd4 a4 27. Be3 Ke8 28. Kh2 b5 29. a3 Qc7 30. Bd4 Qd7 31. Qf4 Qd5 32. Bc3 g5 33. Qg4 Kd7 34. Qe2 h6 35. Kg1 Kd8 36. Qh5 Qd3 37. Qxh6 Qb1+ 38. Kh2 Qf5 39. Bd4 Qe4 40. Bb6+ Kd7 41. Qg7 Ke8 42. Be3 g4 43. Ba7 Qf5 44. Bb6 Qe4 45. Be3 Qf5 1/2-1/2

[Event "POL-chT DMP Ekstraliga 2019"]
[Site "Katowice"]
[Date "2019.09.01"]
[Round "5.30"]
[White "Zawadzka, Jolanta"]
[Black "Cyfka, Karina"]
[Result "1/2-1/2"]
[ECO "C42"]
[WhiteElo "2407"]
[BlackElo "2413"]
[Annotator "NA"]
[PlyCount "91"]
[EventDate "2019.08.28"]
[EventType "team-tourn"]
[EventCountry "POL"]
[SourceTitle "playchess.com"]
[Source "ChessBase"]
[SourceQuality "1"]
[TimeControl "40/5400+30:1800+30"]

1. e4 e5 2. Nf3 Nf6 3. Nxe5 d6 4. Nf3 Nxe4 5. d4 d5 6. Bd3 Bd6 7. O-O O-O 8. c4 c6 9. cxd5 cxd5 10. Nc3 Re8 11. Qc2 Nc6 12. Nxe4 dxe4 13. Bxe4 g6 14. Bxc6 Bf5 15. Qc3 bxc6 16. Bg5 Qb6 17. Rac1 Rac8 18. Ne5 Qb5 19. Nc4 Bf8 20. Bf4 Be4 21. Be5 Bd5 22. b3 c5 23. Ne3 cxd4 24. Qxd4 Be6 25. Rxc8 Rxc8 26. Qf4 Be7 27. Bb2 Rd8 28. Qc7 Qc5 29. Rc1 Qxc7 30. Rxc7 Bd6 31. Rc1 Bf4 32. Rd1 Re8 33. h3 h5 34. Kf1 Kf8 35. Bf6 Rc8 36. Nc4 Bc7 37. f3 a5 38. g4 a4 39. Ke2 axb3 40. axb3 Rb8 41. Nd2 Bf4 42. Ra1 Ke8 43. Ra4 Bxd2 44. Kxd2 Rxb3 45. Rd4 Bd7 46. Rd3 1/2-1/2

[Event "POL-chT DMP Ekstraliga 2019"]
[Site "Katowice"]
[Date "2019.09.02"]
[Round "6.1"]
[White "Kempinski, Robert"]
[Black "Kuzmicz, Krystian"]
[Result "0-1"]
[ECO "B06"]
[WhiteElo "2579"]
[BlackElo "2461"]
[Annotator "ChessBase"]
[PlyCount "120"]
[EventDate "2019.08.28"]
[EventType "team-tourn"]
[EventCountry "POL"]
[SourceTitle "playchess.com"]
[Source "ChessBase"]
[SourceQuality "1"]
[TimeControl "40/5400+30:1800+30"]

1. d4 g6 2. Nf3 Bg7 3. e4 d6 4. c3 Nf6 5. Bd3 O-O 6. O-O Nc6 7. Re1 e5 8. h3 Nh5 9. Bg5 Qe8 10. dxe5 dxe5 11. Na3 h6 12. Be3 Qe7 13. Qc1 g5 14. Bf1 Nf4 15. b4 b6 16. Nc4 Re8 17. a4 Qf6 18. b5 Nd8 19. Nh2 Qg6 20. a5 Rb8 21. axb6 axb6 22. Ra7 Nb7 23. Nf3 Qf6 24. Bxf4 gxf4 25. Rd1 Qg6 26. Kh2 Bf6 27. Qb1 Kh8 28. Ncd2 Qg7 29. Bc4 Rg8 30. Rg1 Be7 31. Bd5 Bc5 32. Qf1 Re8 33. Nb3 Bd6 34. Qc4 Rf8 35. Qe2 Nd8 36. Nbd2 Bd7 37. Rb1 Rg8 38. Qf1 Ne6 39. Nc4 Nc5 40. Ne1 Qg6 41. Nf3 Qh5 42. Nxd6 cxd6 43. c4 Rg7 44. Ra3 Rbg8 45. Ne1 Rg5 46. Rba1 Kh7 47. Rc3 Qg6 48. Ra7 Rg7 49. Rca3 Qh5 50. Rc7 Qd1 51. Qh1 Qe2 52. Nf3 Rg3 53. Qg1 Rxh3+ 54. gxh3 Rxg1 55. Kxg1 Nd3 56. Rxd3 Qxd3 57. Rxd7 Qxf3 58. Bxf7 Kh8 59. Bg6 Qd1+ 60. Kh2 Qf1 0-1

[Event "POL-chT DMP Ekstraliga 2019"]
[Site "Katowice"]
[Date "2019.09.02"]
[Round "6.3"]
[White "Kriebel, Tadeas"]
[Black "Skawinski, Arkadiusz"]
[Result "1-0"]
[ECO "C11"]
[WhiteElo "2531"]
[BlackElo "2398"]
[Annotator "ChessBase"]
[PlyCount "71"]
[EventDate "2019.08.28"]
[EventType "team-tourn"]
[EventCountry "POL"]
[SourceTitle "playchess.com"]
[Source "ChessBase"]
[SourceQuality "1"]
[TimeControl "40/5400+30:1800+30"]

1. e4 e6 2. d4 d5 3. Nc3 Nf6 4. e5 Nfd7 5. Nce2 c5 6. c3 Nc6 7. Nf3 Qb6 8. a3 Be7 9. b4 cxd4 10. cxd4 a5 11. b5 Nd8 12. a4 f6 13. exf6 Nxf6 14. Ng3 O-O 15. Bd3 Nf7 16. O-O Bd7 17. Bf4 Rac8 18. Qb1 Be8 19. Ra2 h6 20. Re2 Bb4 21. h4 Nd8 22. Rc1 Rxc1+ 23. Qxc1 Bd6 24. Bxd6 Qxd6 25. Ne5 Nd7 26. Bb1 Nxe5 27. dxe5 Qb4 28. Qc2 Qg4 29. Qh7+ Kf7 30. Rc2 Bd7 31. Rc7 Ke7 32. Bg6 Rf4 33. Bh5 Qxh4 34. Qxg7+ Nf7 35. Bxf7 Kd8 36. Rxb7 1-0